 Seeded DCSS version 0.29.1-15-g9cfb28693d (webtiles) character file.

Game seed: 13631612407029365638 (custom seed)

122 cbfl8 the Poker (level 5, 29/42 HPs)
             Began as a Merfolk Berserker on July 6, 2023.
             Was a Believer of Trog.
             Quit the game on level 2 of the Dungeon.
             The game lasted 00:02:04 (2481 turns).

cbfl8 the Poker (Merfolk Berserker)                 Turns: 2481, Time: 00:02:04

Health: 29/42      AC:  6    Str: 17    XL:     5   Next: 6%
Magic:  5/5        EV: 11    Int:  7    God:    Trog [**....]
Gold:   70         SH:  0    Dex: 21    Spells: 4/4 levels left

rFire   . . .      SeeInvis .   a - +0 spear
rCold   . . .      Faith    .   (no shield)
rNeg    . . .      Spirit   .   d - +0 scale mail
rPois   .          Reflect  .   (no helmet)
rElec   .          Harm     .   (no cloak)
rCorr   +          Rampage  .   (no gloves)
Will    .....                   (no boots)
Stlth   ..........              (no amulet)
HPRegen 0.14/turn               f - ring of resist corrosion
MPRegen 0.09/turn               i - +6 ring of dexterity

@: on berserk cooldown, slowed, very slow
A: (nimble swimmer 2), mertail
a: Renounce Religion, Berserk, Trog's Hand


You were on level 2 of the Dungeon.
You worshipped Trog.
Trog was pleased with you.
You visited 1 branch of the dungeon, and saw 2 of its levels.

You collected 70 gold pieces.

Inventory:

Hand Weapons
 a - a +0 spear (weapon)
Missiles
 n - a throwing net (quivered)
Armour
 d - a +0 scale mail (worn)
Jewellery
 f - a ring of resist corrosion (left hand)
 i - a +6 ring of dexterity (right hand)
Scrolls
 g - 3 scrolls of teleportation {unknown}
 j - a scroll of identify {unknown}
 m - a scroll of enchant armour {unknown}
Potions
 b - a potion of resistance {unknown}
 c - a potion of curing {unknown}
 e - a potion of mutation {unknown}
 h - 3 potions of magic {unknown}
 k - a potion of flight {unknown}
 l - a potion of invisibility {unknown}


   Skills:
 + Level 4.0 Fighting
 + Level 5.0 Polearms
 + Level 1.9 Armour
 - Level 2.6 Dodging
 * Level 1.7 Shields
 * Level 1.7 Evocations


You had 4 spell levels left.
You didn't know any spells.
Your spell library was empty.

Dungeon Overview and Level Annotations

Branches:
Dungeon (2/15)

Altars:
Gozag


Innate Abilities, Weirdness & Mutations

((You are very nimble when in or above water. (Stealth+, EV+, Speed+++)))
Your lower body shifts to a powerful aquatic tail in water.


Message History

Failed to move towards target.
Could not explore, unopened runed door.
Failed to move towards target.
Could not explore, unopened runed door.
Failed to move towards target.
Could not explore, unopened runed door.
A red film seems to cover your vision as you go berserk!
You feel yourself moving faster!
You feel mighty!
The door flies open with a bang!
You feel a strong urge to attack something.
Crazy Yiuf hits you with a +4 quarterstaff of chaos!
You suddenly lose the ability to move!
Crazy Yiuf hits you with a +4 quarterstaff of chaos!
Crazy Yiuf hits you but does no damage.
Crazy Yiuf cries, "Key koolooloo spinner!"
Crazy Yiuf completely misses you.
Crazy Yiuf says, "Crazy?
Crazy!?
PORCUPINE!"
Crazy Yiuf barely misses you.
You can move again.
There is an open translucent door, spattered with blood here.
You puncture Crazy Yiuf!
Crazy Yiuf is heavily wounded.
Unknown command.
You puncture Crazy Yiuf!
You kill Crazy Yiuf!
Trog accepts your kill.
Your Fighting skill increases to level 4!
Your Polearms skill increases to level 5!
You have reached level 5!
You feel clever.
You are no longer berserk.
You are exhausted.
You feel yourself slow down.
Things that are here:
a +4 quarterstaff of chaos; a +0 cloak Unknown command.
Unknown command.
Things that are here:
a +4 quarterstaff of chaos; a +0 cloak Are you sure you want to abandon this character and quit the game? (Confirm with "yes".)

#.# #.# #.# #
###.#
#############.#
#(# # #...#
#.............#
#.### #.###
###############
#.... #.# #.#.#
#.###♣♣♣♣♣ ##.#.
#.#.#..♣.♣♣♣#####
#.#(.
#.....P.♣..♣#...#
########..#.
#......♣♣♣♣.'@..#
#..).....#.#
##..#P♣♣ ♣♣#..)#
#.....##..#(
####♣♣ #####
#.###.####.# #.#
#.# ##. #.# #.#
### ### #.#
#.####.. #.# #.#
#...##.. #.# #.#
###.##.. #[# #.#
#.####


There were no monsters in sight!

Vanquished Creatures
  Crazy Yiuf (D:2)
  4 gnolls (D:2)
  2 adders (D:2)
  A worm (D:2)
  2 dart slugs (D:1)
  2 endoplasms (D:1)
  2 giant cockroaches (D:2)
  6 goblins
  2 hobgoblins (D:1)
  A quokka (D:2)
  5 ball pythons
  A bat (D:2)
  A frilled lizard (D:1)
  2 kobolds
  4 rats
36 creatures vanquished.

Notes
Turn   | Place    | Note
-------+----------+-------------------------------------------
     0 | D:1      | cbfl8 the Merfolk Berserker began the quest for the Orb.
     0 | D:1      | Reached XP level 1. HP: 18/18 MP: 1/1
     6 | D:1      | Noticed a lindwurm
     7 | D:1      | Noticed a hound
     7 | D:1      | Noticed an eight-headed hydra
   216 | D:1      | Reached XP level 2. HP: 24/24 MP: 2/2
   765 | D:1      | Reached skill level 1 in Shields
   860 | D:1      | Reached skill level 1 in Evocations
  1494 | D:2      | Found a faded altar of an unknown god.
  1517 | D:2      | Reached XP level 3. HP: 29/29 MP: 3/3
  1518 | D:2      | Found an opulent altar of Gozag.
  1616 | D:2      | Found a runed translucent door.
  1617 | D:2      | Noticed Crazy Yiuf
  1842 | D:2      | Reached ** piety under Trog
  2037 | D:2      | Reached XP level 4. HP: 37/37 MP: 4/4
  2469 | D:2      | Paralysed by Crazy Yiuf for 4 turns
  2475 | D:2      | Killed Crazy Yiuf
  2476 | D:2      | Reached skill level 5 in Polearms
  2476 | D:2      | Reached XP level 5. HP: 42/42 MP: 5/5
  2481 | D:2      | Quit the game

Illustrated notes

Levels and vault maps discovered:
D:1:      onia_arrival_zoo_common, layout_basic, minmay_split_cup_large
D:2:      layout_loops_ring, basic_altar, basic_ecumenical_altar,
          serial_bayou_pond_e, serial_park_tiny_pond, minmay_tiny_reverse_x,
          uniq_crazy_yiuf_cottage

Skill      XL: |  1  2  3  4 |
---------------+-------------+-----
Shields        | 1 |  1.7
Evocations     | 1 |  1.7
Fighting       | 4 |  4.0
Polearms       | 5 |  5.0
Armour         | |  1.9
Dodging        | |  2.6

Action                   |  1- 3 |  4- 6 || total
-------------------------+-------+-------++-------
Melee: Spear             |   103 |    11 ||   114
       Punch             |     1 |       ||     1
Invok: Berserk           |     1 |     1 ||     2
Armor: Scale mail        |    15 |     3 ||    18
       Animal skin       |     3 |       ||     3
Dodge: Dodged            |    34 |     3 ||    37
